 Dungeon Crawl Stone Soup version 0.30-b1-2-g02819fbbbe (webtiles) character file.

Game seed: 5834726727439432493

11242 funkygono the Cleaver (level 11, -1/97 HPs)
             Began as a Minotaur Fighter on July 20, 2023.
             Was a High Priest of Okawaru.
             Killed from afar by an electric eel (5 damage)
             ... with a bolt of electricity
             ... on level 10 of the Dungeon.
             The game lasted 00:14:58 (9203 turns).

funkygono the Cleaver (Minotaur Fighter)            Turns: 9203, Time: 00:14:58

Health: -1/97      AC: 21    Str: 30    XL:     11   Next: 46%
Magic:  12/12      EV:  8    Int:  5    God:    Okawaru [*****.]
Gold:   717        SH: 10    Dex: 11    Spells: 10/10 levels left

rFire   + . .        a - +5 war axe
rCold   . . .        d - +0 kite shield
rNeg    . . .        t - +5 plate armour
rPois   .            (helmet restricted)
rElec   .            (no cloak)
rCorr   .            (no gloves)
SInv    .            F - +0 pair of boots
Will    .....        p - amulet of magic regeneration Stlth
                     f - ring of protection from fire
HPRegen 0.36/turn    o - +6 ring of strength
MPRegen 0.53/turn

%: no passive effects
@: no status effects
A: horns 2, retaliatory headbutt
a: Renounce Religion, Heroism, Finesse, Duel


You were on level 10 of the Dungeon.
You worshipped Okawaru.
Okawaru was extremely pleased with you.
You visited 1 branch of the dungeon, and saw 10 of its levels.

You collected 717 gold pieces.

Inventory:

Hand Weapons
 a - a +5 war axe (weapon)
 G - the +4 falchion of Balance {freeze, Will+}
   (You took it off an orc warrior on level 8 of the Dungeon)

   Will:      It increases your willpower.
Missiles
 c - a throwing net
 g - 49 stones (quivered)
 k - 12 poisoned darts
 m - 2 silver javelins
 w - 14 boomerangs
 E - 6 javelins
 H - 2 curare-tipped darts
Armour
 d - a +0 kite shield (worn)
 t - a +5 plate armour (worn)
 F - a +0 pair of boots (worn)
Jewellery
 f - a ring of protection from fire (left hand)
 o - a +6 ring of strength (right hand)
 p - an amulet of magic regeneration (around neck)
 B - a ring of resist corrosion
Wands
 n - a wand of paralysis (43)
 x - a wand of polymorph (11)
 z - a wand of iceblast (12)
Scrolls
 y - a scroll of blinking
 D - 2 scrolls of teleportation
Potions
 b - 4 potions of curing
 e - 2 potions of heal wounds
 h - a potion of haste
 i - 4 potions of brilliance
 j - a potion of magic
 l - a potion of resistance
 q - 3 potions of might
 r - a potion of berserk rage
 s - 3 potions of mutation
 u - a potion of attraction
 v - a potion of cancellation
 A - a potion of ambrosia {unknown}
 C - 2 potions of flight


   Skills:
 + Level 9.3 Fighting
 + Level 14.9 Axes
 + Level 2.4 Throwing
 + Level 10.4 Armour
 + Level 1.8 Dodging
 + Level 0.7 Stealth
 + Level 8.2 Shields
 + Level 3.3 Invocations


You had 10 spell levels left.
You didn't know any spells.
Your spell library contained the following spells:

 Spells                   Type           Power      Damage    Failure   Level
 Apportation              Tloc           0%         N/A       99%         1
 Necrotise                Necr           0%         1d4       99%         1
 Shock                    Conj/Air       0%         1d3       99%         1
 Cigotuvi's Dreadful Rot  Necr/Pois/Air  0%         N/A       100%        2
 Dazzling Flash           Conj/Hex       0%         N/A       100%        3
 Ignite Poison            Fire/Tmut/Pois 0%         N/A       100%        3
 Ozocubu's Armour         Ice            0%         N/A       100%        3
 Swiftness                Air            0%         N/A       100%        3
 Volatile Blastmotes      Fire/Tloc      0%         2d10      100%        3
 Airstrike                Air            0%         2d(0-16)  100%        4
 Iskenderun's Mystic Bla  Conj/Tloc      0%         2d3       100%        4
 Leda's Liquefaction      Hex/Erth       0%         N/A       100%        4
 Alistair's Intoxication  Tmut/Pois      0%         N/A       100%        5
 Freezing Cloud           Conj/Ice/Air   0%         6-21      100%        5
 Lee's Rapid Deconstruct  Erth           0%         3d4*      100%        5
 Starburst                Conj/Fire      0%         6d3       100%        6
 Statue Form              Tmut/Erth      0%         N/A       100%        6
 Ozocubu's Refrigeration  Ice            0%         4d7       100%        7
 Summon Small Mammal      Summ           Unusable   N/A       N/A         1

Dungeon Overview and Level Annotations

Branches:
Dungeon (10/15)            Temple (0/1) D:5             Orc (0/2) D:9
   Lair: D:8-11

Altars:
Hepliaklqana
Okawaru

Shops:
D:9 ?   D:10 [


Innate Abilities, Weirdness & Mutations

You have a pair of horns on your head.
You reflexively headbutt those who attack you in melee.


Message History

The electric eel shoots out a bolt of lightning at you!
The bolt of electricity hits you.
* * * LOW HITPOINT WARNING * * *
You hit the electric eel.
The electric eel is lightly wounded.
You hit the electric eel.
The electric eel shoots out a bolt of lightning at you!
The bolt of electricity misses you.
The electric eel shoots out a bolt of lightning at you!
The bolt of electricity hits you!
* * * LOW HITPOINT WARNING * * *
You closely miss the electric eel.
The electric eel is lightly wounded.
You closely miss the electric eel.
The electric eel shoots out a bolt of lightning at you!
The bolt of electricity hits you but does no damage.
The electric eel shoots out a bolt of lightning at you!
The bolt of electricity hits you.
* * * LOW HITPOINT WARNING * * *
You miss the electric eel. Your headbutt misses the electric eel.
The electric eel is lightly wounded.
You barely miss the electric eel.
Unknown command.
You slice the electric eel!!
You kill the electric eel!
Okawaru accepts your kill.
You hear a splash.
You closely miss the electric eel.
The electric eel shoots out a bolt of lightning at you!
The bolt of electricity hits you.
* * * LOW HITPOINT WARNING * * *
You miss the electric eel.
The electric eel is almost dead.
The electric eel shoots out a bolt of lightning at you!
The bolt of electricity hits you but does no damage.
You closely miss the electric eel.
The electric eel is almost dead.
The electric eel shoots out a bolt of lightning at you!
The bolt of electricity hits you.
You die...

..(.. ... .... ..########
#####+#.### #.......#
..........###.......######
..........................
.....[.>..†.....[..?......
?.........###.......##....
?.........# #....)..##....
.........@# #.......##....
#...~~~~~†S≈≈≈~≈~~~≈##.###
#.~≈≈~~≈≈≈≈≈≈~≈≈≈≈≈≈≈~~...
#≈≈≈≈≈≈≈≈≈≈≈≈≈≈≈≈≈≈≈#~.###
≈≈≈≈≈≈≈≈≈≈≈≈≈≈≈≈≈≈≈≈≈≈....
≈≈≈≈≈≈≈≈≈≈≈≈≈≈≈≈≈≈≈≈≈≈~.##
≈≈≈≈≈≈≈≈≈≈≈≈≈≈≈≈≈≈≈≈≈≈≈.##
≈≈≈≈≈≈≈≈≈≈≈≈≈≈≈≈≈≈≈≈~..#
≈≈≈≈≈≈≈≈≈.'


You could see an electric eel.

Vanquished Creatures
  2 hydras (D:8)
  A two-headed ogre (D:10)
  A boulder beetle (D:8)
  An ugly thing (D:10)
  A cyclops (D:10)
  Joseph (D:8)
  An unseen horror (D:10)
  An efreet (D:10)
  A troll (D:9)
  2 vampires
  6 yaks (D:9)
  3 wyverns
  5 steam dragons
  A basilisk (D:9)
  2 vampire mosquitoes (D:10)
  An acid dragon (D:10)
  3 water moccasins
  4 orc warriors
  An ice beast (D:7)
  4 black bears
  2 ogres
  7 centaurs
  A phantom (D:5)
  3 kobold brigands
  10 bullfrogs (D:8)
  2 gnoll sergeants
  2 scorpions (D:5)
  8 wights
  2 killer bees
  2 electric eels (D:10)
  2 hounds
  3 orc priests
  3 gnoll boudas
  A sleepcap (D:8)
  6 orc wizards
  Terence (D:2)
  20 gnolls
  5 adders
  2 white imps
  An ufetubus (D:5)
  4 worms
  4 dart slugs
  20 orcs
  7 ball pythons
  5 endoplasms
  4 giant cockroaches
  8 hobgoblins
  2 jackals (D:5)
  10 kobolds
  5 quokkas
  6 bats
  2 frilled lizards (D:1)
  12 goblins
  4 rats
218 creatures vanquished.

Notes
Turn   | Place    | Note
-------+----------+-------------------------------------------
     0 | D:1      | funkygono the Minotaur Fighter began the quest for the Orb.
     0 | D:1      | Reached XP level 1. HP: 19/19 MP: 0/0
    59 | D:1      | Reached XP level 2. HP: 27/27 MP: 1/1
   383 | D:1      | Reached skill level 3 in Axes
   627 | D:1      | Reached XP level 3. HP: 33/33 MP: 2/2
  1148 | D:2      | Found a faded altar of an unknown god.
  1167 | D:2      | Reached skill level 4 in Axes
  1213 | D:2      | Noticed Terence
  1226 | D:2      | Killed Terence
  1227 | D:2      | Reached XP level 4. HP: 40/40 MP: 3/3
  1476 | D:2      | Found a hazy altar of Hepliaklqana.
  1714 | D:3      | Noticed an ogre
  1722 | D:3      | Killed an ogre
  1723 | D:3      | Reached skill level 5 in Axes
  1723 | D:3      | Reached XP level 5. HP: 39/46 MP: 4/4
  2300 | D:4      | Reached XP level 6. HP: 36/53 MP: 5/5
  2469 | D:4      | Reached skill level 6 in Axes
  3009 | D:5      | Entered Level 5 of the Dungeon
  3009 | D:5      | Found an iron altar of Okawaru.
  3029 | D:5      | Became a worshipper of Warmaster Okawaru
  3110 | D:5      | Reached skill level 5 in Armour
  3239 | D:5      | Reached skill level 7 in Axes
  3239 | D:5      | Reached skill level 1 in Throwing
  3239 | D:5      | Reached XP level 7. HP: 46/60 MP: 6/6
  3629 | D:5      | Reached skill level 5 in Fighting
  3916 | D:5      | Reached * piety under Okawaru
  4351 | D:5      | Found a staircase to the Ecumenical Temple.
  4372 | D:5      | Reached skill level 8 in Axes
  4668 | D:6      | Reached XP level 8. HP: 48/69 MP: 7/7
  5041 | D:6      | Reached skill level 5 in Shields
  5593 | D:7      | Reached skill level 9 in Axes
  5942 | D:7      | Reached skill level 10 in Axes
  6427 | D:8      | Reached XP level 9. HP: 34/74 MP: 8/8
  6577 | D:8      | Reached skill level 1 in Invocations
  6738 | D:8      | Reached ** piety under Okawaru
  6839 | D:8      | Reached skill level 11 in Axes
  6862 | D:8      | Paralysed by a centaur for 4 turns
  7365 | D:8      | Identified the +4 falchion of Balance {freeze, Will+}
  7394 | D:8      | Noticed a boulder beetle
  7402 | D:8      | Reached skill level 12 in Axes
  7402 | D:8      | Reached XP level 10. HP: 60/86 MP: 10/10
  7413 | D:8      | Killed a boulder beetle
  7413 | D:8      | Reached *** piety under Okawaru
  7414 | D:8      | Reached skill level 1 in Dodging
  7437 | D:8      | Noticed a seven-headed hydra
  7450 | D:8      | Killed a ten-headed hydra
  7572 | D:8      | Noticed an eight-headed hydra
  7581 | D:8      | Killed a 16-headed hydra
  7582 | D:8      | Reached skill level 13 in Axes
  8077 | D:8      | Noticed Joseph
  8084 | D:8      | Killed Joseph
  8255 | D:9      | Reached **** piety under Okawaru
  8333 | D:9      | Reached XP level 11. HP: 91/95 MP: 12/12
  8545 | D:9      | Found Gunaytus's Magic Scroll Emporium.
  8602 | D:9      | Found a staircase to the Orcish Mines.
  8753 | D:10     | Entered Level 10 of the Dungeon
  8754 | D:10     | Found Vogihuin's Antique Armour Emporium.
  8818 | D:10     | Reached skill level 10 in Armour
  8872 | D:10     | Reached skill level 14 in Axes
  8962 | D:10     | Noticed a two-headed ogre
  8972 | D:10     | Killed a two-headed ogre
  8972 | D:10     | Received a gift from Okawaru
  9087 | D:10     | Noticed a brown ugly thing
  9095 | D:10     | Killed a brown ugly thing
  9164 | D:10     | Reached ***** piety under Okawaru
  9201 | D:10     | HP: 4/97 [electric eel/bolt of electricity (6)]
  9203 | D:10     | Killed from afar by an electric eel

Illustrated notes

Levels and vault maps discovered:
D:1:      lemuel_arrival_hallway, layout_basic
D:2:      layout_basic, basic_altar,
          dreamdust_ecumenical_altar_angels_and_demons, uniq_terence
D:3:      layout_rooms, serial_curves, eino_curves_04, eino_curves_03,
          minmay_misc_feat_room, grunt_ministairs_14,
          nicolae_kite_square_tiling_tiny, minmay_between
D:4:      layout_basic
D:5:      layout_basic, okawaru_gym_becter, minmay_temple_entry_butterflies
D:6:      layout_cave_pods
D:7:      layout_loops_ring
D:8:      cheibrodos_ideogram_h, layout_basic, uniq_joseph
D:9:      layout_rooms, serial_shops, shop
D:10:     nicolae_hexawheel, layout_basic, serial_shops, nicolae_square_shop,
          enter_bailey_4

Skill      XL: |  1  2  3  4  5  6  7  8  9 10 11 |
---------------+----------------------------------+-----
Axes           | 3 4 5 7 8 10 12 13 14 | 14.9
Shields        | 4 5 6 7 8 |  8.2
Armour         | 4 5 6 7 8 9 10 | 10.4
Fighting       | 4 5 6 7 8 9 |  9.3
Throwing       | 1 2 |  2.4
Invocations    | 2 3 |  3.3
Dodging        | 1 |  1.8
Stealth        | |  0.7

Action                     |  1- 3 |  4- 6 |  7- 9 | 10-12 || total
---------------------------+-------+-------+-------+-------++-------
  Melee: War axe           |    74 |   106 |   203 |   166 ||   549
         Headbutt          |     5 |    13 |    44 |    37 ||    99
  Throw: Stone             |       |    11 |    31 |     3 ||    45
         Throwing net      |       |       |     2 |       ||     2
 Invoke: Heroism           |       |       |    12 |    11 ||    23
    Use: Scroll            |       |       |    24 |     6 ||    30
         Potion            |       |       |     1 |       ||     1
 Armour: Scale mail        |    37 |       |       |       ||    37
         Plate armour      |       |    45 |   131 |   118 ||   294
  Dodge: Dodged            |    38 |    39 |    53 |    63 ||   193
  Block: Buckler           |    20 |    29 |    21 |       ||    70
         Kite shield       |       |       |    79 |    91 ||   170
